| TOP OF THE 1ST |
|
Decatur Commodores batting - Pitching for Appleton Foxes : RHP Danny Ortiz
|
|
Pitching: RHP Danny Ortiz
|
|
|
Batting: LHB Alexis Marte
|
0-0: Ball 1-0: Fly out, F9 (Flyball, 9D, EV 96.3 MPH)
|
|
Batting: SHB Roger Holt
|
0-0: Called Strike 0-1: Fly out, F8 (Flyball, 78S, EV 84.4 MPH)
|
|
Batting: SHB Daniel Wieser
|
0-0: SINGLE (Groundball, 4MD, EV 94.4 MPH)
|
|
Batting: LHB David Showalter
|
0-0: Ground out U3 (Groundball, 3, EV 85.0 MPH)
|
| Top of the 1st over - 0 runs, 1 hit, 0 errors, 1 left on base; Decatur 0 - Appleton 0 |
| BOTTOM OF THE 1ST |
|
Appleton Foxes batting - Pitching for Decatur Commodores : LHP Mitch Williams
|
|
Pitching: LHP Mitch Williams
|
|
|
Batting: LHB Mike Woodard
|
0-0: Ball 1-0: Ball 2-0: Ball 3-0: Called Strike 3-1: Called Strike 3-2: Foul Ball, location: 2F 3-2: SINGLE (Groundball, 6M, EV 84.4 MPH) (infield hit)
|
|
Batting: RHB George Hinshaw
|
0-0: Ball 1-0: Ball 2-0: Called Strike 2-1: Ball Balk! Mike Woodard to second 3-1: Called Strike 3-2: Foul Ball, location: 2F 3-2: Strikes out looking
|
|
Batting: RHB Chris Brown
|
0-0: Called Strike 0-1: Foul Ball, location: 2F 0-2: Strikes out swinging
|
|
Batting: RHB Douglas Lulay
|
0-0: Called Strike 0-1: Swinging Strike 0-2: Foul Ball, location: 2F 0-2: Strikes out looking
|
| Bottom of the 1st over - 0 runs, 1 hit, 0 errors, 1 left on base; Decatur 0 - Appleton 0 |
| TOP OF THE 2ND |
|
Decatur Commodores batting - Pitching for Appleton Foxes : RHP Danny Ortiz
|
|
Batting: SHB Rondin Johnson
|
0-0: Called Strike 0-1: Foul Ball, location: 2F 0-2: Foul Ball, location: 2F 0-2: Ball 1-2: SINGLE (Flyball, 34D, EV 97.5 MPH)
|
|
Batting: LHB Jerry Miller
|
0-0: Ball 1-0: Ball 2-0: Called Strike 2-1: Fly out, F7 (Flyball, 7, EV 84.4 MPH)
|
|
Batting: LHB Samuel Taves
|
0-0: Ball 1-0: Foul Ball, location: 2F 1-1: Ball 2-1: Called Strike 2-2: SINGLE (Line Drive, 5D, EV 96.9 MPH) Rondin Johnson to second
|
|
Batting: RHB Rex Farrior
|
0-0: Fly out, F8 (Flyball, 8LM, EV 87.5 MPH)
|
|
Batting: RHB William Kelley
|
0-0: SINGLE (Groundball, 56D, EV 103.8 MPH) Rondin Johnson to third Samuel Taves to second Runner from 3rd tries for Home, SAFE, throw by LF to home
|
|
Batting: LHB Alexis Marte
|
0-0: Called Strike 0-1: TRIPLE (Line Drive, 78XD, EV 105.0 MPH) Samuel Taves scores William Kelley scores
|
|
Batting: SHB Roger Holt
|
0-0: Ball 1-0: Ball 2-0: Called Strike 2-1: Ground out 4-3 (Groundball, 4, EV 100.6 MPH)
|
| Top of the 2nd over - 3 runs, 4 hits, 0 errors, 1 left on base; Decatur 3 - Appleton 0 |
| BOTTOM OF THE 2ND |
|
Appleton Foxes batting - Pitching for Decatur Commodores : LHP Mitch Williams
|
|
Batting: RHB Jeffery Carl
|
0-0: Foul Ball, location: 2F 0-1: Called Strike 0-2: Foul Ball, location: 2F 0-2: SINGLE (Groundball, 56D, EV 93.8 MPH)
|
|
Batting: LHB Juan Bustabad
|
0-0: Ball 1-0: SINGLE (Groundball, 4D, EV 97.5 MPH) Jeffery Carl to second Runner from 2nd tries for 3rd, SAFE, no throw by CF
|
|
Batting: RHB Peter Rowe
|
0-0: Ball Juan Bustabad steals 2nd base 1-0: Ball 2-0: Ball 3-0: Base on Balls
|
|
Batting: LHB John Csefalvay
|
0-0: Ball 1-0: Foul Ball, location: 2F 1-1: Foul Ball, location: 2F 1-2: Foul Ball, location: 2F 1-2: Ball 2-2: Fly out, F8 (Line Drive, 8LD, EV 88.1 MPH) Runner from 3rd tags up, SCORES, no throw by CF
|
|
Batting: RHB Philip Sutton
|
0-0: Grounds into double play, 4-6-3 (Groundball, 4, EV 95.6 MPH)
|
| Bottom of the 2nd over - 1 run, 2 hits, 0 errors, 1 left on base; Decatur 3 - Appleton 1 |
| TOP OF THE 3RD |
|
Decatur Commodores batting - Pitching for Appleton Foxes : RHP Danny Ortiz
|
|
Batting: SHB Daniel Wieser
|
0-0: Foul Ball, location: 2F 0-1: Ground out U3 (Groundball, 3, EV 88.8 MPH)
|
|
Batting: LHB David Showalter
|
0-0: Ball 1-0: Ball 2-0: SINGLE (Line Drive, 34, EV 111.9 MPH)
|
|
Batting: SHB Rondin Johnson
|
0-0: Called Strike 0-1: Ball 1-1: Called Strike 1-2: Ball 2-2: Foul Ball, location: 2F 2-2: DOUBLE (Flyball, 8RD, EV 106.3 MPH) David Showalter to third
|
|
Batting: LHB Jerry Miller
|
0-0: Called Strike 0-1: SINGLE (Groundball, 4MD, EV 106.9 MPH) David Showalter scores Rondin Johnson to third Runner from 3rd tries for Home, SAFE, throw by CF to home
|
|
Batting: LHB Samuel Taves
|
0-0: Ball 1-0: Ball 2-0: Called Strike 2-1: Foul Ball, location: 2F 2-2: Foul Ball, location: 2F 2-2: Ground out 5-3 (Groundball, 56S, EV 73.1 MPH) Jerry Miller to second
|
|
Batting: RHB Rex Farrior
|
0-0: Foul Ball, location: 2F 0-1: Called Strike 0-2: Strikes out swinging
|
| Top of the 3rd over - 2 runs, 3 hits, 0 errors, 1 left on base; Decatur 5 - Appleton 1 |
| BOTTOM OF THE 3RD |
|
Appleton Foxes batting - Pitching for Decatur Commodores : LHP Mitch Williams
|
|
Batting: LHB Mike Woodard
|
0-0: Ground out U3 (Groundball, 34S, EV 91.3 MPH)
|
|
Batting: RHB George Hinshaw
|
0-0: Fly out, F9 (Flyball, 9S, EV 92.5 MPH)
|
|
Batting: RHB Chris Brown
|
0-0: Ball 1-0: Ball 2-0: Swinging Strike 2-1: Foul Ball, location: 2F 2-2: Foul Ball, location: 2F 2-2: Foul Ball, location: 2F 2-2: Strikes out swinging
|
| Bottom of the 3rd over - 0 runs, 0 hits, 0 errors, 0 left on base; Decatur 5 - Appleton 1 |
| TOP OF THE 4TH |
|
Decatur Commodores batting - Pitching for Appleton Foxes : RHP Danny Ortiz
|
|
Batting: RHB William Kelley
|
0-0: Ball 1-0: Foul Ball, location: 2F 1-1: Ball 2-1: Fly out, F8 (Flyball, 8RD, EV 91.3 MPH)
|
|
Batting: LHB Alexis Marte
|
0-0: Called Strike 0-1: DOUBLE (Line Drive, 89D, EV 109.4 MPH)
|
|
Pitching: RHP Gary Frank
|
|
|
Batting: SHB Roger Holt
|
0-0: Ball 1-0: Ball 2-0: Ball 3-0: Base on Balls
|
|
Batting: SHB Daniel Wieser
|
0-0: Ball 1-0: Called Strike 1-1: Foul Ball, location: 2F 1-2: Fly out, F6 (Flyball, 5D, EV 88.1 MPH)
|
|
Batting: LHB David Showalter
|
0-0: Ball 1-0: Called Strike 1-1: Swinging Strike 1-2: Foul Ball, location: 2F 1-2: Ball 2-2: Strikes out swinging
|
| Top of the 4th over - 0 runs, 1 hit, 0 errors, 2 left on base; Decatur 5 - Appleton 1 |
| BOTTOM OF THE 4TH |
|
Appleton Foxes batting - Pitching for Decatur Commodores : LHP Mitch Williams
|
|
Batting: RHB Douglas Lulay
|
0-0: Swinging Strike 0-1: Called Strike 0-2: Strikes out swinging
|
|
Batting: RHB Jeffery Carl
|
0-0: Ball 1-0: SOLO HOME RUN (Line Drive, 7D, EV 103.1 MPH), Distance : 379 ft
|
|
Batting: LHB Juan Bustabad
|
0-0: SINGLE (Groundball, 34, EV 103.1 MPH) (infield hit)
|
|
Batting: RHB Peter Rowe
|
0-0: Ball 1-0: Called Strike 1-1: Ball 2-1: Ball 3-1: Swinging Strike 3-2: SINGLE (Groundball, 56D, EV 107.5 MPH) Juan Bustabad to second Juan Bustabad to third
|
|
Batting: LHB John Csefalvay
|
0-0: Ball 1-0: Fly out, F8 (Flyball, 8LS, EV 89.4 MPH) Runner from 3rd tags up, SCORES, throw by CF
|
|
Batting: RHB Philip Sutton
|
0-0: Called Strike 0-1: Foul Ball, location: 2F 0-2: Ball 1-2: Fly out, F9 (Flyball, 9S, EV 90.0 MPH)
|
| Bottom of the 4th over - 2 runs, 3 hits, 0 errors, 1 left on base; Decatur 5 - Appleton 3 |
| TOP OF THE 5TH |
|
Decatur Commodores batting - Pitching for Appleton Foxes : RHP Gary Frank
|
|
Batting: SHB Rondin Johnson
|
0-0: Called Strike 0-1: Foul Ball, location: 2F 0-2: Ball 1-2: Foul Ball, location: 2F 1-2: Strikes out swinging
|
|
Batting: LHB Jerry Miller
|
0-0: Called Strike 0-1: Ball 1-1: Ball 2-1: Fly out, F7 (Flyball, 78D, EV 94.4 MPH)
|
|
Batting: LHB Samuel Taves
|
0-0: Called Strike 0-1: Fly out, F9 (Flyball, 9, EV 93.8 MPH)
|
| Top of the 5th over - 0 runs, 0 hits, 0 errors, 0 left on base; Decatur 5 - Appleton 3 |
| BOTTOM OF THE 5TH |
|
Appleton Foxes batting - Pitching for Decatur Commodores : LHP Mitch Williams
|
|
Batting: LHB Mike Woodard
|
0-0: Called Strike 0-1: Ball 1-1: Ball 2-1: Foul Ball, location: 2F 2-2: SINGLE (Groundball, 6MD, EV 106.3 MPH)
|
|
Batting: RHB George Hinshaw
|
0-0: Swinging Strike 0-1: Ball 1-1: Ball 2-1: SINGLE (Flyball, 6D, EV 90.0 MPH) Mike Woodard to second
|
|
Batting: RHB Chris Brown
|
0-0: Ball 1-0: Called Strike Mike Woodard steals 3rd base (no throw) George Hinshaw to second 1-1: Called Strike 1-2: Strikes out looking
|
|
Batting: RHB Douglas Lulay
|
0-0: Ball 1-0: SINGLE (Groundball, 4MD, EV 107.5 MPH) Mike Woodard scores George Hinshaw to third Runner from 3rd tries for Home, SAFE, throw by CF to home
|
|
Pitching: RHP Peyton Mosher
|
|
|
Batting: RHB Jeffery Carl
|
0-0: Ball 1-0: Called Strike 1-1: Swinging Strike 1-2: Foul Ball, location: 2F 1-2: Foul Ball, location: 2F 1-2: Strikes out swinging
|
|
Batting: LHB Juan Bustabad
|
0-0: Ball 1-0: Ball 2-0: Swinging Strike 2-1: Fly out, F8 (Flyball, 8LD, EV 103.8 MPH)
|
| Bottom of the 5th over - 2 runs, 3 hits, 0 errors, 1 left on base; Decatur 5 - Appleton 5 |
| TOP OF THE 6TH |
|
Decatur Commodores batting - Pitching for Appleton Foxes : RHP Gary Frank
|
|
Batting: RHB Rex Farrior
|
0-0: Ball 1-0: Ball 2-0: Ball 3-0: Called Strike 3-1: Called Strike 3-2: Strikes out swinging
|
|
Batting: RHB William Kelley
|
0-0: Called Strike 0-1: Ball 1-1: Swinging Strike 1-2: Ball 2-2: Ball 3-2: Base on Balls
|
|
Batting: LHB Alexis Marte
|
0-0: Ball 1-0: Foul Ball, location: 2F 1-1: Swinging Strike 1-2: Fly out, F7 (Flyball, 78S, EV 91.3 MPH)
|
|
Batting: SHB Roger Holt
|
0-0: Called Strike 0-1: Ball Wild Pitch! William Kelley to second 1-1: Swinging Strike 1-2: Foul Ball, location: 2F 1-2: DOUBLE (Line Drive, 89D, EV 100.6 MPH) William Kelley scores
|
|
Batting: SHB Daniel Wieser
|
0-0: Foul Ball, location: 2F 0-1: Ball 1-1: Ball 2-1: Ball 3-1: SINGLE (Line Drive, 4MD, EV 108.1 MPH) Roger Holt to third Runner from 3rd tries for Home, SAFE, throw by CF to home Daniel Wieser to second
|
|
Batting: LHB David Showalter
|
0-0: Ball 1-0: Swinging Strike 1-1: Swinging Strike 1-2: Foul Ball, location: 2F 1-2: Ball 2-2: Ball 3-2: Fly out, F7 (Flyball, 7S, EV 89.4 MPH)
|
| Top of the 6th over - 2 runs, 2 hits, 0 errors, 1 left on base; Decatur 7 - Appleton 5 |
| BOTTOM OF THE 6TH |
|
Appleton Foxes batting - Pitching for Decatur Commodores : RHP Peyton Mosher
|
|
Batting: RHB Peter Rowe
|
0-0: Called Strike 0-1: Ball 1-1: Ball 2-1: Ball 3-1: SINGLE (Groundball, 56D, EV 94.4 MPH)
|
|
Batting: LHB John Csefalvay
|
0-0: Ball 1-0: Called Strike 1-1: Foul Ball, location: 2F 1-2: Ball 2-2: Ball 3-2: Base on Balls Peter Rowe to second
|
|
Batting: RHB Philip Sutton
|
0-0: Ball 1-0: Bunt missed! 1-1: Sac Bunt to 13S - play at first, batter OUT! 1-4 Peter Rowe to third John Csefalvay to second
|
|
Batting: LHB Mike Woodard
|
0-0: Ball 1-0: Foul Ball, location: 2F 1-1: Ball 2-1: Foul Ball, location: 2F 2-2: Ball 3-2: SINGLE (Groundball, P, EV 80.6 MPH) (infield hit) Peter Rowe scores John Csefalvay to third
|
|
Batting: RHB George Hinshaw
|
0-0: Ball 1-0: SINGLE (Line Drive, 8LS, EV 91.3 MPH) John Csefalvay scores Mike Woodard to second Runner from 2nd tries for 3rd, SAFE, throw by CF made to third
|
|
Batting: RHB Chris Brown
|
0-0: Ball George Hinshaw steals 2nd base 1-0: Ground out 2-3 (Groundball, 15S, EV 74.4 MPH)
|
|
Batting: RHB Douglas Lulay
|
0-0: Ball 1-0: Swinging Strike 1-1: Ball 2-1: Called Strike 2-2: Strikes out swinging
|
| Bottom of the 6th over - 2 runs, 3 hits, 0 errors, 2 left on base; Decatur 7 - Appleton 7 |
| TOP OF THE 7TH |
|
Decatur Commodores batting - Pitching for Appleton Foxes : RHP Gary Frank
|
|
Batting: SHB Rondin Johnson
|
0-0: Fly out, F9 (Flyball, 89D, EV 101.3 MPH)
|
|
Batting: LHB Jerry Miller
|
0-0: Called Strike 0-1: Ball 1-1: Ground out 4-3 (Groundball, 13, EV 81.3 MPH)
|
|
Batting: LHB Samuel Taves
|
0-0: Foul Ball, location: 2F 0-1: Ball 1-1: Foul Ball, location: 2F 1-2: Ball 2-2: Ball 3-2: Base on Balls
|
|
Pitching: RHP Steve Mapel
|
|
|
Batting: RHB Rex Farrior
|
0-0: Fielders Choice at 2nd, 6-4 (Groundball, 6, EV 91.3 MPH)
|
| Top of the 7th over - 0 runs, 0 hits, 0 errors, 1 left on base; Decatur 7 - Appleton 7 |
| BOTTOM OF THE 7TH |
|
Appleton Foxes batting - Pitching for Decatur Commodores : RHP Peyton Mosher
|
|
Batting: RHB Jeffery Carl
|
0-0: Foul Ball, location: 2F 0-1: Called Strike 0-2: Fly out, F9 (Flyball, 9D, EV 105.6 MPH)
|
|
Batting: LHB Juan Bustabad
|
0-0: Called Strike 0-1: Foul Ball, location: 2F 0-2: Ball 1-2: Fly out, F8 (Flyball, 8LS, EV 80.0 MPH)
|
|
Batting: RHB Peter Rowe
|
0-0: Swinging Strike 0-1: Ball 1-1: DOUBLE (Flyball, 8RXD, EV 89.4 MPH)
|
|
Pitching: RHP William Martin
|
|
|
Batting: LHB John Csefalvay
|
0-0: Fly out, F9 (Flyball, 9S, EV 81.9 MPH)
|
| Bottom of the 7th over - 0 runs, 1 hit, 0 errors, 1 left on base; Decatur 7 - Appleton 7 |
| TOP OF THE 8TH |
|
Decatur Commodores batting - Pitching for Appleton Foxes : RHP Steve Mapel
|
|
Batting: RHB William Kelley
|
0-0: Ball 1-0: SOLO HOME RUN (Flyball, 7LD, EV 87.5 MPH), Distance : 354 ft
|
|
Batting: LHB Alexis Marte
|
0-0: Ball 1-0: Fly out, F6 (Flyball, 6D, EV 79.4 MPH)
|
|
Batting: SHB Roger Holt
|
0-0: Ball 1-0: Ground out 2-3 (Groundball, 2R, EV 68.1 MPH)
|
|
Batting: SHB Daniel Wieser
|
0-0: Foul Ball, location: 2F 0-1: Called Strike 0-2: Ball 1-2: Ground out 5-3 (Groundball, 5, EV 81.9 MPH)
|
| Top of the 8th over - 1 run, 1 hit, 0 errors, 0 left on base; Decatur 8 - Appleton 7 |
| BOTTOM OF THE 8TH |
|
Appleton Foxes batting - Pitching for Decatur Commodores : RHP William Martin
|
|
Batting: RHB Philip Sutton
|
0-0: Ball 1-0: Foul Ball, location: 2F 1-1: Ball 2-1: Ball 3-1: SINGLE (Flyball, 89S, EV 86.9 MPH)
|
|
Pitching: RHP Ty Hubbard
|
|
|
Batting: LHB Mike Woodard
|
0-0: Called Strike 0-1: Fly out, F9 (Line Drive, 9, EV 93.8 MPH)
|
|
Batting: RHB George Hinshaw
|
0-0: Ball 1-0: Ball 2-0: Foul Ball, location: 2F 2-1: Called Strike 2-2: Ball 3-2: Base on Balls Philip Sutton to second
|
|
Batting: RHB Chris Brown
|
0-0: Called Strike 0-1: Ball 1-1: Called Strike 1-2: Fly out, F8 (Flyball, 8LD, EV 90.0 MPH) Runner from 2nd tags up, SAFE at 3rd with throw by CF
|
|
Batting: RHB Douglas Lulay
|
0-0: Ball 1-0: TRIPLE (Flyball, 78XD, EV 92.5 MPH) Philip Sutton scores George Hinshaw scores
|
|
Batting: RHB Jeffery Carl
|
0-0: Ball 1-0: Ground out 4-3 (Groundball, 4, EV 89.4 MPH)
|
| Bottom of the 8th over - 2 runs, 2 hits, 0 errors, 1 left on base; Decatur 8 - Appleton 9 |
| TOP OF THE 9TH |
|
Decatur Commodores batting - Pitching for Appleton Foxes : RHP Steve Mapel
|
|
Pitching: RHP Jaime Cocanower
|
|
|
Batting: LHB David Showalter
|
0-0: Ball 1-0: Foul Ball, location: 2F 1-1: Ball 2-1: Ball 3-1: Base on Balls
|
|
Batting: SHB Rondin Johnson
|
0-0: Fly out, F8 (Line Drive, 8RD, EV 106.9 MPH)
|
|
Batting: LHB Jerry Miller
|
0-0: Called Strike 0-1: Ball 1-1: Fly out, F7 (Line Drive, 7, EV 92.5 MPH)
|
|
Batting: LHB Samuel Taves
|
0-0: Ball 1-0: Ball 2-0: Foul Ball, location: 2F 2-1: Foul Ball, location: 2F 2-2: Ball 3-2: Base on Balls David Showalter to second
|
|
Batting: RHB Rex Farrior
|
0-0: Foul Ball, location: 2F 0-1: Ball 1-1: Called Strike 1-2: Strikes out swinging, 2-3 out at first.
|
| Top of the 9th over - 0 runs, 0 hits, 0 errors, 2 left on base; Decatur 8 - Appleton 9 |
|